 Dungeon Crawl Stone Soup version 0.18-b1-10-g3f7de93 (webtiles) character file.

197 graki42 the Firebug (level 5, 0/28 HPs)
             Began as a Deep Elf Fire Elementalist on Apr 29, 2016.
             Succumbed to graki42's ghost's sting
             ... on level 2 of the Dungeon.
             The game lasted 00:12:02 (2211 turns).

graki42 the Firebug (Deep Elf Fire Elementalist)    Turns: 2211, Time: 00:12:05

Health: 0/28       AC:  2    Str:  6    XL:     5   Next: 46%
Magic:  3/13       EV: 17    Int: 20    God:
Gold:   89         SH:  0    Dex: 15    Spells: 4 memorised, 1 level left

rFire  . . .     SeeInvis .     q - +0 dagger (drain)
rCold  . . .     Gourm    .     a - +0 robe
rNeg   . . .     Faith    .     (no shield)
rPois  .         Spirit   .     (no helmet)
rElec  .         Dismiss  .     (no cloak)
rCorr  .         Reflect  .     (no gloves)
SustAt .         Harm     .     (no boots)
MR     .....                    (no amulet)
Stlth  ++........               (no ring)
                                p - +4 ring of evasion

@: lethally poisoned (0 -> -19), not resistant to hostile enchantments,
unstealthy
A: no striking features
a: no special abilities


You were on level 2 of the Dungeon.
You were not hungry.

You visited 1 branch of the dungeon, and saw 3 of its levels.

You collected 89 gold pieces.

Inventory:

Hand Weapons
 q - a +0 dagger of draining (weapon)
Missiles
 u - a throwing net (quivered)
Armour
 a - a +0 robe (worn)
Jewellery
 p - a +4 ring of evasion (left hand)
 r - an uncursed ring of protection from magic {unknown}
Scrolls
 d - 3 scrolls of identify {unknown}
 f - 3 scrolls of remove curse {unknown}
 g - a scroll of noise {unknown}
 h - a scroll of recharging {unknown}
 k - a scroll of enchant armour {unknown}
 m - 2 scrolls of teleportation {unknown}
 t - 3 scrolls of enchant weapon {unknown}
Potions
 e - 2 potions of curing {unknown}
 i - a potion of mutation {unknown}
 j - a potion of resistance {unknown}
 n - a potion of cancellation {unknown}
 s - a potion of heal wounds {unknown}
 v - a potion of degeneration {unknown}
Books
 b - a book of Flames

   Spells                             Type                      Level
   a - Flame Tongue                   Conjuration/Fire             1
   b - Throw Flame                    Conjuration/Fire             2
   c - Conjure Flame                  Conjuration/Fire             3
   d - Inner Flame                    Hexes/Fire                   3
   e - Sticky Flame                   Conjuration/Fire             4
   f - Fireball                       Conjuration/Fire             5
Comestibles
 c - 2 bread rations
 l - a meat ration
 o - a royal jelly


   Skills:
 + Level 3.5 Short Blades
 - Level 2.6 Dodging
 - Level 2.6 Stealth
 - Level 4.0 Spellcasting
 - Level 1.8 Conjurations
 - Level 4.4 Fire Magic


You had one spell level left.
You knew the following spells:

 Your Spells              Type           Power        Failure   Level  Hunger
a - Flame Tongue          Conj/Fire      ###..        3%          1    None
b - Conjure Flame         Conj/Fire      ###.....     12%         3    ###....
c - Inner Flame           Hex/Fire       ##......     17%         3    ###....
d - Sticky Flame          Conj/Fire      ###.....     38%         4    ####...


Dungeon Overview and Level Annotations

Branches:
Dungeon (3/15)

Altars:
Ashenzari
Kikubaaqudgha
Makhleb
Nemelex Xobeh

Annotations:
D:3 graki42's ghost, amateur DEVM


Message History

You feel sick.
Graki42's ghost gestures at you while chanting.
The sting misses you.
Graki42's ghost points at you and mumbles some strange words.
The sting hits you!
You are more poisoned.
You feel sick.
Graki42's ghost points at you and mumbles some strange words.
The sting hits you!
You are lethally poisoned!
* * * LOW HITPOINT WARNING * * *
There is a stone staircase leading up here.
* * * LOW HITPOINT WARNING * * *
You feel sick. The orc misses you. Graki42's ghost casts a spell at you.
The sting hits you!
You are more poisoned.
* * * LOW HITPOINT WARNING * * *
You climb upwards.
You die...

#.######.##.##.#............
#.##........##.#.###........
#.##........##...###........
#.##........##.#...........)
#.##........##.#........#..#
#.##........##.#........#..#
#.##(.....).##.#........#..#
#.##.......o##.#........#..#
#.#####..##@................
####.#####..##.##.#).......#..#
#..............##.#........#..#
####.......)...................
##..........##.##.#.####K###..#
#....⌠..≈≈≈..#.##.#.####.###..#
#..#...≈≈≈≈....................
#..##...≈≈≈.......#.####.###..#
#..##...≈≈≈..####.#.## #.# #...


You could see an orc.

Vanquished Creatures
  A hound (D:2)
  Terence (D:2)
  3 gnolls
  5 adders
  2 oozes (D:2)
  A dart slug (D:2)
  A giant gecko (D:3)
  4 orcs (D:3)
  A ball python (D:1)
  2 bats
  7 giant cockroaches
  4 goblins
  7 hobgoblins
  A jackal (D:2)
  2 giant newts
  7 kobolds
  8 rats
57 creatures vanquished.

Vanquished Creatures (others)
  A fungus (D:3)
1 creature vanquished.

Grand Total: 58 creatures vanquished

Notes
Turn   | Place    | Note
--------------------------------------------------------------
     0 | D:1      | graki42 the Deep Elf Fire Elementalist began the quest for the Orb.
     0 | D:1      | Reached XP level 1. HP: 10/10 MP: 6/6
    90 | D:1      | Reached XP level 2. HP: 15/15 MP: 2/8
   815 | D:2      | Reached XP level 3. HP: 19/19 MP: 5/10
   979 | D:2      | Found a sparkling altar of Nemelex Xobeh.
  1170 | D:2      | Learned a level 3 spell: Conjure Flame
  1174 | D:2      | Learned a level 3 spell: Inner Flame
  1180 | D:2      | Found a burning altar of Makhleb.
  1184 | D:2      | Reached skill level 1 in Short Blades
  1184 | D:2      | Reached XP level 4. HP: 23/24 MP: 9/12
  1254 | D:2      | Noticed Terence
  1266 | D:2      | Killed Terence
  1375 | D:2      | Upgraded the game from 0.18-b1-2-gd0c887e to 0.18-b1-10-g3f7de93
  1443 | D:2      | Found a shattered altar of Ashenzari.
  1653 | D:2      | Found an ancient bone altar of Kikubaaqudgha.
  1806 | D:3      | Noticed graki42's ghost (amateur DEVM)
  1817 | D:2      | Reached XP level 5. HP: 16/28 MP: 1/13
  1945 | D:2      | Learned a level 4 spell: Sticky Flame
  2211 | D:2      | Succumbed to graki42's ghost's sting

Skill      XL: |  1  2  3  4  5 |
---------------+----------------+-----
Fire Magic     | 4 |  4.4
Spellcasting   | 4 |  4.0
Short Blades   | 1 2 3 |  3.5
Dodging        | |  2.6
Stealth        | |  2.6
Conjurations   | |  1.8

Action                   |  1- 3 |  4- 6 || total
-------------------------+-------+-------++-------
Melee: Dagger            |     3 |     8 ||    11
 Cast: Flame Tongue      |    46 |    54 ||   100
       Inner Flame       |       |     2 ||     2
 Stab: Sleeping          |     2 |     2 ||     4
  Eat: Chunk             |     1 |     3 ||     4
Armor: Robe              |     1 |     1 ||     2
Dodge: Dodged            |    13 |    42 ||    55
